 Dungeon Crawl Stone Soup version 0.31-a0-182-gc5ef74bbde (webtiles) character file.

Game seed: 1263893488158726851

128562 qw the Severer (level 17, -4/115 HPs)
             Began as a Gargoyle Fighter on June 20, 2023.
             Was an Elder of Okawaru.
             Slain by an entropy weaver simulacrum (8 damage)
             ... on level 1 of the Spider Nest.
             The game lasted 00:14:35 (24644 turns).

qw the Severer (Gargoyle Fighter)                  Turns: 24644, Time: 00:14:36

Health: -4/115     AC: 33    Str: 33    XL:     17   Next: 3%
Magic:  24/24      EV:  6    Int: 10    God:    Okawaru [****..]
Gold:   2097       SH:  0    Dex:  9    Spells: 16/16 levels left

rFire   . . .        x - +0 war axe (vamp)
rCold   . . .        I - +0 kite shield {reflect}
rNeg    + . .        C - +3 chain mail {Will+}
rPois   inf          F - +2 helmet
rElec   +            z - scarf {repulsion}
rCorr   .            c - +2 pair of gloves
SInv    .            p - +1 pair of boots
Will    ++...        i - amulet of faith Stlth
                     g - +4 ring of slaying {mikee}
HPRegen 0.39/turn    v - +6 ring of strength
MPRegen 0.19/turn

%: repel missiles, reflection, faith
@: heroic, corroded, flying, held, slowed, very slow
A: sickness immunity, AC +12, big wings, negative energy resistance 1,
electricity resistance, torment resistance 1, petrification resistance, fangs 1
a: Renounce Religion, Heroism, Finesse


You were on level 1 of the Spider Nest.
You worshipped Okawaru.
Okawaru was greatly pleased with you.
You visited 6 branches of the dungeon, and saw 27 of its levels.
You also visited: Gauntlet.

You collected 2259 gold pieces.
You spent 162 gold pieces at shops.


Innate Abilities, Weirdness & Mutations

You are immune to sickness and miasma.
Your stone body is resilient. (AC +12)
You are immune to poison.
Your large and strong wings let you fly.
You resist negative energy. (rN+)
You are resistant to electric shocks. (rElec)
You are resistant to unholy torment.
You are immune to petrification.
You have very sharp teeth.


   Skills:
 - Level 15.8(20.8) Fighting
 - Level 16.0(21.0) Axes
 - Level 8.6(13.6) Throwing
 - Level 14.0(19.0) Armour
 - Level 4.1(9.1) Dodging
 + Level 11.1(16.1) Shields
 - Level 10.0 Invocations


You had 16 spell levels left.
You didn't know any spells.
Your spell library was empty.

Inventory:

Hand Weapons
 f - the +9 hand axe of Moderation {freeze, *Noise rC+ rCorr Int+3}
   (You found it on level 4 of the Dungeon)

   Int:       It affects your intelligence (+3).
   rC:        It protects you from cold.
   *Noise:    It may make noises in combat.
   rCorr:     It protects you from acid and corrosion.
 l - a +6 war axe of holy wrath
 x - a +0 vampiric war axe (weapon)
 G - a +2 morningstar of protection
 Y - a +4 broad axe of electrocution
Missiles
 w - 10 boomerangs (quivered)
Armour
 c - a +2 pair of gloves (worn)
 h - the +3 buckler "Imeal" {rF+ Will- SInv}
   (You acquired it on level 5 of the Dungeon)

   rF:        It protects you from fire.
   SInv:      It lets you see invisible.
   Will:      It decreases your willpower.
 n - a +0 cloak
 p - a +1 pair of boots (worn)
 t - a +0 plate armour
 u - +0 acid dragon scales
 y - +0 ice dragon scales
 z - a scarf of repulsion (worn)
 C - a +3 chain mail of willpower (worn)
 F - a +2 helmet (worn)
 I - a +0 kite shield of reflection (worn)
Jewellery
 g - a +4 ring of slaying (left hand) {mikee}
 i - an amulet of faith (around neck)
 j - a ring of ice
 v - a +6 ring of strength (right hand)
 E - an amulet of reflection
 H - a ring of protection from fire
Wands
 L - a wand of digging (9)
Scrolls
 a - 4 scrolls of teleportation
 o - 15 scrolls of identify
Potions
 b - 5 potions of enlightenment
 d - 2 potions of might
 e - 4 potions of haste
 k - 6 potions of attraction
 m - 4 potions of mutation
 q - 3 potions of curing
 r - 2 potions of heal wounds
 s - 5 potions of lignification
 A - 3 potions of cancellation
 B - 4 potions of magic

Dungeon Overview and Level Annotations

Branches:
Dungeon (15/15)            Temple (1/1) D:6            Lair (5/5) D:8
  Swamp (3/4) Lair:3       Spider (1/4) Lair:3        Slime (0/5) Lair:5
    Orc (2/2) D:9             Elf (0/3) Orc:2        Vaults (0/5) D:14
 Depths (0/4) D:15        Gauntlet (visited)

Altars:
Ashenzari
Cheibriados
Dithmenos
Elyvilon
Fedhas
Gozag
Hepliaklqana
Kikubaaqudgha
Makhleb
Nemelex Xobeh
Okawaru
Qazlal
Ru
Sif Muna
Trog
Uskayaw
Vehumet
Wu Jian
Xom
Yredelemnul
Zin
The Shining One
Jiyva

Shops:
D:3 [   Orc:2 *?(:(

Portals:
Pandemonium: Orc:2
Trove: D:15 (give 8 scrolls of fear)

Annotations:
D:9 3 runed translucent doors


Message History

The redback bites you but does no damage.
The jumping spider leaps!
The culicivora bites you but does no damage.
The jumping spider leaps!
The jumping spider pounces on you but does no damage.
The jumping spider bites you but does no damage.
The culicivora bites you but does no damage.
The demonic crawler closely misses you. The demonic crawler hits you!
The demonic crawler hits you but does no damage.
The jumping spider leaps!
The redback bites you!
The redback bites you but does no damage.
The culicivora bites you but does no damage.
The jumping spider pounces on you but does no damage.
The jumping spider bites you. The redback barely misses you.
The culicivora closely misses you.
The demonic crawler hits you but does no damage. x3
The entropy weaver simulacrum hits you.
The entropy weaver simulacrum freezes you!!
The entropy weaver simulacrum hits you but does no damage. x3
The redback bites you but does no damage. x2
The culicivora bites you but does no damage.
You struggle to detach yourself from the web.
The jumping spider pounces on you but does no damage.
The jumping spider bites you but does no damage.
The redback bites you but does no damage.
The jumping spider leaps!
The culicivora barely misses you.
A culicivora comes into view.
The demonic crawler hits you. The demonic crawler hits you!
The demonic crawler completely misses you.
The redback barely misses you.
The jumping spider leaps!
The entropy weaver simulacrum hits you but does no damage. x4
The redback bites you but does no damage.
The jumping spider leaps!
The culicivora bites you but does no damage.
The demonic crawler hits you but does no damage. x2
The demonic crawler barely misses you. The redback barely misses you.
The culicivora bites you! The steelbarb worm closely misses you.
The entropy weaver simulacrum hits you.
The entropy weaver simulacrum freezes you!
You die...

####################
###.....##....^....^..
##..#..#......Z........
#^.....#.....Zws..s....
#......^...0ss@ssZ.....
#?.<.....#.%Zssss(.....
##..#.......0ZssBw..#..
###....#..|#0ZZs.0....
##....[s...s..s....(
#....^....#....#...
###.......#.s..s...
##..............!
#.......#......


You could see a radroach, a steelbarb worm, a torpor snail, a demonic crawler,
an orb spider, 5 culicivoras, 5 jumping spiders, 3 tarantellas, 3 redbacks, a
wolf spider simulacrum, 2 jumping spider simulacra, 3 redback simulacra and an
entropy weaver simulacrum.

Vanquished Creatures
  Mlioglotl (Swamp:2)
  Rupert (D:15)
  Jorgrun (Orc:1)
  Kirke (Lair:3)
  Gastronok (D:12)
  Donald (Swamp:3)
  Roxanne (D:15)
  An orc warlord (Orc:2)
  2 eleionomae
  5 bunyips
  A dire elephant (Lair:5)
  A minotaur (Gauntlet)
  An ettin (Orc:1)
  An entropy weaver (Spider:1)
  Josephine (D:15)
  A shambling mangrove (Swamp:1)
  3 demonspawn (Orc:2)
  9 hydras
  A ghost crab (Swamp:3)
  8 two-headed ogres
  4 centaur warriors
  3 catoblepae
  Erica (D:11)
  A radroach (Spider:1)
  5 orc high priests (Orc:2)
  A boulder beetle (D:12)
  4 alligators
  A deep troll shaman (Lair:5)
  4 death yaks (Lair:5)
  A soul eater (Orc:2)
  3 skysharks
  6 skeletal warriors
  Lodul (D:14)
  2 swamp dragons
  4 goliath frogs
  A pharaoh ant (Spider:1)
  A spriggan druid (Swamp:2)
  A phantasmal warrior (D:15)
  A spriggan simulacrum (Swamp:2)
  5 bog bodies
  5 orc knights
  A deep elf pyromancer (D:13)
  A necromancer (D:15)
  9 orc sorcerers
  6 cyclopes
  2 wolf spiders (Spider:1)
  17 ugly things
  A shadow dragon skeleton (D:15)
  2 will-o-the-wisps
  3 manticores
  A fire giant skeleton (D:15)
  A frost giant skeleton (D:15)
  A rust devil (Orc:2)
  Maurice (D:9)
  6 elephants
  A stone giant skeleton (D:15)
  Joseph (D:8)
  6 black mambas
  12 cane toads
  3 gargoyles
  An ice statue (Gauntlet)
  5 rime drakes
  2 kobold demonologists
  7 komodo dragons
  2 tengu conjurers
  An anaconda simulacrum (Swamp:2)
  A guardian mummy (D:15)
  2 polar bears (Lair:5)
  An ice devil (Orc:2)
  4 tarantellas (Spider:1)
  10 hornets
  5 tyrant leeches
  A hornet (shapeshifter) (D:15)
  8 trolls
  25 blink frogs
  A culicivora (Spider:1)
  3 jumping spiders (Spider:1)
  A shadow (D:11)
  9 spriggans
  5 wyverns
  A water elemental (D:14)
  3 wraiths (D:15)
  25 yaks
  A vampire (D:14)
  6 hogs (Lair:3)
  3 basilisks
  A dire elephant simulacrum (Swamp:2)
  13 redbacks
  2 minotaur simulacra (Swamp:2)
  13 vampire mosquitoes
  10 swamp worms
  9 wargs
  4 acid dragons
  14 water moccasins
  A swamp drake (Swamp:3)
  2 black bears
  An ice beast (D:7)
  3 sky beasts
  29 orc warriors
  2 alligator simulacra (Swamp:2)
  17 wolves
  8 ogres
  18 centaurs
  3 kobold brigands
  2 phantoms
  4 bullfrogs
  A scorpion (D:6)
  A deep troll simulacrum (Swamp:2)
  A gnoll sergeant (D:7)
  9 wights
  A jelly (D:6)
  5 killer bees (D:8)
  4 howler monkeys
  An electric eel (D:14)
  4 hounds
  24 orc priests
  A gnoll bouda (D:5)
  3 iguanas
  Jessica (D:2)
  17 orc wizards
  A mummy (D:15)
  11 gnolls
  4 adders
  3 white imps
  An ufetubus (D:5)
  A worm (D:2)
  2 dart slugs
  57 orcs
  6 ball pythons
  4 bats
  5 endoplasms
  5 giant cockroaches
  5 goblins
  5 hobgoblins
  14 jackals
  5 quokkas
  A frilled lizard (D:3)
  19 kobolds
  4 rats
  A spectral orc (D:13)
688 creatures vanquished.

Vanquished Creatures (others)
  A spriggan (Swamp:1)
  A bloated husk (Swamp:1)
  A hornet (Swamp:1)
  A culicivora (Spider:1)
  An ogre (D:14)
  6 foxfires (Swamp:2)
11 creatures vanquished.

Grand Total: 699 creatures vanquished

Notes
Turn   | Place    | Note
-------+----------+-------------------------------------------
     0 | D:1      | qw the Gargoyle Fighter began the quest for the Orb.
     0 | D:1      | Reached XP level 1. HP: 14/14 MP: 1/1
     0 | D:1      | 0 ||| qw: Version: 0.3-a-9-g12657ce
     0 | D:1      | 0 ||| qw: Game counter: 1425
     0 | D:1      | 0 ||| qw: Always use a shield: true
     0 | D:1      | 0 ||| qw: God list: Okawaru
     0 | D:1      | 0 ||| qw: Allow faded altars: false
     0 | D:1      | 0 ||| qw: Do Orc after D:15 true
     0 | D:1      | 0 ||| qw: Do second Lair branch before Depths: true
     0 | D:1      | 0 ||| qw: Lair rune preference: random
     0 | D:1      | 0 ||| qw: Plans: Normal, Zot:1-4, Slime:5, God:TSO, Crypt,
                  | Tomb, Abyss, Pan, Hells, Win
     0 | D:1      | 0 ||| PLANNING D:1-11
   101 | D:1      | Reached skill level 2 in Axes
   211 | D:1      | 211 ||| DROPPING +0 club.
   302 | D:1      | Reached XP level 2. HP: 18/19 MP: 2/2
   663 | D:1      | 663 ||| UPGRADING to +4 ring of slaying {mikee}.
   664 | D:1      | 664 ||| READING 2 scrolls labelled NUFEFIXZOOPT.
   665 | D:1      | 665 ||| READING scroll labelled QUAJEM MUTS.
   666 | D:1      | 666 ||| READING scroll labelled NAMUM WUQOBIO.
   667 | D:1      | 667 ||| READING 2 scrolls labelled BINOEN WEZUBOT.
   668 | D:1      | 668 ||| DRINKING 2 glowing orange potions.
   669 | D:1      | 669 ||| DRINKING 2 brown potions.
   669 | D:1      | Gained mutation: You have very sharp teeth. [potion of
                  | mutation]
   670 | D:1      | 670 ||| DROPPING scroll of revelation.
   671 | D:1      | 671 ||| DROPPING scroll of noise.
   801 | D:2      | Reached skill level 3 in Axes
   848 | D:2      | 848 ||| Stepping ~*~*~tactically~*~*~ (stealth).
   855 | D:2      | Reached XP level 3. HP: 23/23 MP: 3/3
   903 | D:2      | Found a bloodstained altar of Trog.
   924 | D:2      | Noticed Jessica
   932 | D:2      | Killed Jessica
   933 | D:2      | Reached XP level 4. HP: 22/28 MP: 4/4
   985 | D:2      | Found a faded altar of an unknown god.
  1092 | D:2      | Identified the +8 spear "Hion" {flame, rPois rC+ Str-5
                  | Dex+8}
  1234 | D:2      | Reached skill level 4 in Axes
  1435 | D:2      | 1435 ||| UPGRADING to +0 chain mail.
  1445 | D:2      | 1445 ||| DROPPING +0 scale mail.
  1446 | D:2      | 1446 ||| UPGRADING to +0 pair of boots.
  1451 | D:2      | 1451 ||| READING 2 scrolls labelled HUASUF DALUOTIO.
  1452 | D:2      | 1452 ||| READING scroll of enchant armour.
  1452 | D:2      | 1452 ||| ENCHANTING +0 pair of boots.
  1453 | D:2      | 1453 ||| READING scroll labelled QANEAF QEKUP.
  1454 | D:2      | 1454 ||| READING scroll labelled WOTTYU BONLIAP.
  1555 | D:2      | 1555 ||| READING 2 scrolls labelled SYQALA MUC ZEU.
  1579 | D:3      | 1579 ||| Stepping ~*~*~tactically~*~*~ (hiding).
  1581 | D:3      | 1581 ||| Stepping ~*~*~tactically~*~*~ (hiding).
  1583 | D:3      | 1583 ||| Stepping ~*~*~tactically~*~*~ (hiding).
  1818 | D:3      | Found Oheinna's Armour Shop.
  2201 | D:3      | 2201 ||| READING scroll labelled ROSAAKK PYCS.
  2202 | D:3      | 2202 ||| DRINKING 3 murky yellow potions.
  2203 | D:3      | 2203 ||| READING 3 scrolls of identify.
  2203 | D:3      | 2203 ||| IDENTIFYING clear potion
  2204 | D:3      | 2204 ||| READING 2 scrolls of identify.
  2204 | D:3      | 2204 ||| IDENTIFYING purple potion
  2205 | D:3      | 2205 ||| DROPPING potion of berserk rage.
  2273 | D:4      | Noticed an ogre
  2274 | D:4      | 2274 ||| Stepping ~*~*~tactically~*~*~ (stealth).
  2281 | D:4      | Killed an ogre
  2282 | D:4      | Reached skill level 5 in Axes
  2282 | D:4      | Reached XP level 5. HP: 11/32 MP: 5/5
  2460 | D:4      | Identified the +9 hand axe of Moderation {freeze, *Noise
                  | rC+ rCorr Int+3}
  2511 | D:4      | Identified the +2 robe of Distant Worlds {-Tele Will+
                  | Dex+4}
  2593 | D:4      | 2593 ||| Stepping ~*~*~tactically~*~*~ (hiding).
  2594 | D:4      | 2594 ||| Stepping ~*~*~tactically~*~*~ (hiding).
  2725 | D:4      | Reached XP level 6. HP: 30/38 MP: 6/6
  2916 | D:4      | 2916 ||| READING scroll labelled DATUSHR TUEPEMI.
  2917 | D:4      | 2917 ||| READING 3 scrolls of identify.
  2917 | D:4      | 2917 ||| IDENTIFYING metallic cyan potion
  2918 | D:4      | 2918 ||| READING 2 scrolls of identify.
  2918 | D:4      | 2918 ||| IDENTIFYING ruby potion
  2919 | D:4      | 2919 ||| DROPPING potion of invisibility.
  2920 | D:4      | 2920 ||| DROPPING potion of degeneration.
  2956 | D:5      | Entered Level 5 of the Dungeon
  2974 | D:5      | HP: 8/38 [iguana (5)]
  2975 | D:5      | 2975 ||| DRINKING 3 potions of heal wounds.
  3027 | D:5      | 3027 ||| FLEEEEING.
  3031 | D:5      | 3031 ||| STAIRDANCE
  3065 | D:5      | Reached skill level 6 in Axes
  3180 | D:5      | 3180 ||| Stepping ~*~*~tactically~*~*~ (hiding).
  3185 | D:5      | Reached skill level 1 in Dodging
  3196 | D:5      | Reached XP level 7. HP: 19/43 MP: 7/7
  3607 | D:5      | 3607 ||| READING 2 scrolls labelled BUKHASKUNU.
  3612 | D:5      | 3612 ||| READING scroll labelled DIAHEYX LEQAT.
  3612 | D:5      | Identified a scroll of acquirement
  3612 | D:5      | 3612 ||| ACQUIRING +3 buckler "Imeal" {rF+ Will- SInv}
  3612 | D:5      | Acquired the +3 buckler "Imeal" {rF+ Will- SInv}
  3614 | D:5      | 3614 ||| UPGRADING to +3 buckler "Imeal" {rF+ Will- SInv}.
  3624 | D:5      | 3624 ||| DROPPING +0 buckler.
  3625 | D:5      | 3625 ||| READING scroll labelled DUHICA MINEO.
  3648 | D:6      | Reached skill level 7 in Axes
  3846 | D:6      | Found a staircase to the Ecumenical Temple.
  3847 | D:6      | 3847 ||| PLANNING TEMPLE
  3847 | D:6      | 3847 ||| Stepping ~*~*~tactically~*~*~ (hiding).
  3848 | D:6      | 3848 ||| Stepping ~*~*~tactically~*~*~ (hiding).
  3849 | D:6      | 3849 ||| Stepping ~*~*~tactically~*~*~ (hiding).
  3850 | D:6      | 3850 ||| Stepping ~*~*~tactically~*~*~ (hiding).
  3851 | D:6      | 3851 ||| Stepping ~*~*~tactically~*~*~ (hiding).
  3889 | D:6      | 3889 ||| UPGRADING to +0 pair of gloves.
  3911 | Temple   | Entered the Ecumenical Temple
  3940 | Temple   | 3940 ||| PLANNING OKAWARU WORSHIP
  4088 | Temple   | Became a worshipper of Warmaster Okawaru
  4089 | Temple   | 4089 ||| PLANNING D:1-11
  4116 | D:6      | 4116 ||| FLEEEEING.
  4117 | D:6      | 4117 ||| FLEEEEING.
  4118 | D:6      | 4118 ||| FLEEEEING.
  4119 | D:6      | 4119 ||| FLEEEEING.
  4120 | D:6      | 4120 ||| FLEEEEING.
  4121 | D:6      | 4121 ||| FLEEEEING.
  4122 | D:6      | 4122 ||| STAIRDANCE
  4219 | D:6      | Found a sparkling altar of Nemelex Xobeh.
  4295 | D:6      | 4295 ||| Stepping ~*~*~tactically~*~*~ (stealth).
  4297 | D:6      | 4297 ||| Stepping ~*~*~tactically~*~*~ (stealth).
  4301 | D:6      | 4301 ||| Stepping ~*~*~tactically~*~*~ (stealth).
  4307 | D:6      | Reached skill level 1 in Throwing
  4307 | D:6      | Reached XP level 8. HP: 42/49 MP: 8/8
  4358 | D:6      | 4358 ||| DROPPING +0 mace.
  4361 | D:6      | 4361 ||| READING scroll of enchant weapon.
  4361 | D:6      | 4361 ||| ENCHANTING +1 war axe.
  4567 | D:6      | Found a hazy altar of Hepliaklqana.
  4568 | D:6      | Found a blossoming altar of Fedhas.
  4635 | D:6      | 4635 ||| UPGRADING to amulet of faith.
  4640 | D:6      | 4640 ||| READING 2 scrolls of identify.
  4640 | D:6      | 4640 ||| IDENTIFYING green potion
  4667 | D:7      | 4667 ||| STAIRDANCE
  4748 | D:7      | Reached * piety under Okawaru
  4853 | D:7      | Reached skill level 8 in Axes
  4853 | D:7      | Reached skill level 1 in Invocations
  5002 | D:7      | 5002 ||| Stepping ~*~*~tactically~*~*~ (stealth).
  5025 | D:7      | Reached skill level 3 in Invocations
  5272 | D:7      | Reached ** piety under Okawaru
  5273 | D:7      | Reached XP level 9. HP: 55/55 MP: 11/11
  5557 | D:7      | Reached skill level 6 in Fighting
  5675 | D:7      | Reached skill level 9 in Axes
  5857 | D:7      | 5857 ||| UPGRADING to +0 plate armour.
  5867 | D:7      | 5867 ||| DROPPING +0 chain mail.
  5868 | D:7      | 5868 ||| DROPPING amulet of magic regeneration.
  5869 | D:7      | 5869 ||| DRINKING 2 metallic green potions.
  5907 | D:8      | Noticed a hornet
  5913 | D:8      | Killed a hornet
  5956 | D:8      | 5956 ||| Stepping ~*~*~tactically~*~*~ (stealth).
  5959 | D:8      | 5959 ||| Stepping ~*~*~tactically~*~*~ (stealth).
  6007 | D:8      | 6007 ||| Stepping ~*~*~tactically~*~*~ (stealth).
  6017 | D:8      | Reached *** piety under Okawaru
  6022 | D:8      | Reached skill level 6 in Armour
  6064 | D:8      | Noticed Joseph
  6066 | D:8      | 6066 ||| FLEEEEING.
  6067 | D:8      | 6067 ||| FLEEEEING.
  6068 | D:8      | 6068 ||| FLEEEEING.
  6075 | D:8      | 6075 ||| FLEEEEING.
  6076 | D:8      | 6076 ||| FLEEEEING.
  6077 | D:8      | 6077 ||| FLEEEEING.
  6078 | D:8      | 6078 ||| FLEEEEING.
  6079 | D:8      | 6079 ||| FLEEEEING.
  6080 | D:8      | 6080 ||| FLEEEEING.
  6081 | D:8      | 6081 ||| FLEEEEING.
  6082 | D:8      | 6082 ||| FLEEEEING.
  6089 | D:8      | 6089 ||| FLEEEEING.
  6090 | D:8      | 6090 ||| FLEEEEING.
  6091 | D:8      | 6091 ||| FLEEEEING.
  6092 | D:8      | 6092 ||| FLEEEEING.
  6093 | D:8      | 6093 ||| FLEEEEING.
  6094 | D:8      | 6094 ||| FLEEEEING.
  6095 | D:8      | 6095 ||| FLEEEEING.
  6096 | D:8      | 6096 ||| FLEEEEING.
  6097 | D:8      | 6097 ||| FLEEEEING.
  6098 | D:8      | 6098 ||| FLEEEEING.
  6099 | D:8      | 6099 ||| FLEEEEING.
  6100 | D:8      | 6100 ||| FLEEEEING.
  6101 | D:8      | 6101 ||| FLEEEEING.
  6102 | D:8      | 6102 ||| FLEEEEING.
  6107 | D:8      | 6107 ||| FLEEEEING.
  6109 | D:8      | 6109 ||| Stepping ~*~*~tactically~*~*~ (hiding).
  6125 | D:8      | 6125 ||| INVOKING Heroism.
  6127 | D:8      | Killed Joseph
  6426 | D:8      | Noticed a komodo dragon
  6427 | D:8      | 6427 ||| INVOKING Heroism.
  6432 | D:8      | Killed a komodo dragon
  6432 | D:8      | Reached **** piety under Okawaru
  6433 | D:8      | Reached XP level 10. HP: 49/63 MP: 10/13
  6520 | D:8      | 6520 ||| Stepping ~*~*~tactically~*~*~ (stealth).
  6524 | D:8      | 6524 ||| Stepping ~*~*~tactically~*~*~ (hiding).
  6529 | D:8      | Found a staircase to the Lair.
  6785 | D:8      | 6785 ||| Stepping ~*~*~tactically~*~*~ (stealth).
  7123 | D:8      | 7123 ||| PLANNING LAIR
  7123 | D:8      | 7123 ||| DRINKING 2 yellow potions.
  7124 | D:8      | 7124 ||| READING 3 scrolls of identify.
  7124 | D:8      | 7124 ||| IDENTIFYING glowing red potion
  7125 | D:8      | 7125 ||| DROPPING potion of brilliance.
  7245 | Lair:1   | Entered Level 1 of the Lair of Beasts
  7273 | Lair:1   | Noticed a black mamba
  7274 | Lair:1   | 7274 ||| INVOKING Heroism.
  7281 | Lair:1   | Killed a black mamba
  7282 | Lair:1   | Reached skill level 10 in Axes
  7359 | Lair:1   | 7359 ||| Stepping ~*~*~tactically~*~*~ (stealth).
  7365 | Lair:1   | 7365 ||| INVOKING Heroism.
  7372 | Lair:1   | Reached skill level 6 in Invocations
  7380 | Lair:1   | HP: 15/64 [komodo dragon (21)]
  7381 | Lair:1   | 7381 ||| READING 2 scrolls of teleportation.
  7382 | Lair:1   | 7382 ||| DRINKING 3 potions of heal wounds.
  7486 | Lair:1   | Noticed an elephant
  7488 | Lair:1   | Noticed an elephant
  7488 | Lair:1   | Noticed an elephant
  7494 | Lair:1   | Killed an elephant
  7494 | Lair:1   | Reached ***** piety under Okawaru
  7504 | Lair:1   | 7504 ||| INVOKING Heroism.
  7505 | Lair:1   | Killed an elephant
  7508 | Lair:1   | Killed an elephant
  7658 | Lair:1   | 7658 ||| Stepping ~*~*~tactically~*~*~ (stealth).
  7660 | Lair:1   | 7660 ||| Stepping ~*~*~tactically~*~*~ (stealth).
  7669 | Lair:1   | Reached skill level 3 in Throwing
  7681 | Lair:1   | 7681 ||| INVOKING Heroism.
  7683 | Lair:1   | Received a gift from Okawaru
  7684 | Lair:1   | Reached XP level 11. HP: 37/68 MP: 13/17
  7927 | Lair:1   | 7927 ||| INVOKING Heroism.
  8100 | Lair:1   | 8100 ||| Stepping ~*~*~tactically~*~*~ (stealth).
  8102 | Lair:1   | 8102 ||| Stepping ~*~*~tactically~*~*~ (stealth).
  8103 | Lair:1   | 8103 ||| Stepping ~*~*~tactically~*~*~ (stealth).
  8104 | Lair:1   | 8104 ||| Stepping ~*~*~tactically~*~*~ (stealth).
  8106 | Lair:1   | 8106 ||| Stepping ~*~*~tactically~*~*~ (stealth).
  8108 | Lair:1   | 8108 ||| INVOKING Heroism.
  8410 | Lair:1   | 8410 ||| UPGRADING to +6 ring of strength.
  8411 | Lair:1   | 8411 ||| READING scroll labelled RUUMNOTIHO.
  8435 | Lair:2   | 8435 ||| INVOKING Heroism.
  8451 | Lair:2   | Reached skill level 9 in Invocations
  8455 | Lair:2   | Received a gift from Okawaru
  8468 | Lair:2   | 8468 ||| STAIRDANCE
  8468 | Lair:2   | HP: 17/68 [komodo dragon (3)]
  8634 | Lair:2   | 8634 ||| SWAPPING to +4 broad axe of electrocution.
  8635 | Lair:2   | 8635 ||| DROPPING +2 war axe.
  8671 | Lair:2   | 8671 ||| INVOKING Heroism.
  8835 | Lair:2   | 8835 ||| INVOKING Heroism.
  8839 | Lair:2   | Reached skill level 11 in Axes
  8884 | Lair:2   | 8884 ||| INVOKING Heroism.
  8911 | Lair:2   | Noticed a four-headed hydra
  8912 | Lair:2   | 8912 ||| INVOKING Finesse.
  8917 | Lair:2   | 8917 ||| SWAPPING to +0 flail.
  8919 | Lair:2   | Killed a four-headed hydra
  8920 | Lair:2   | Reached skill level 9 in Fighting
  8920 | Lair:2   | 8920 ||| SWAPPING to +4 broad axe of electrocution.
  9286 | Lair:2   | 9286 ||| INVOKING Heroism.
  9447 | Lair:3   | Noticed a skyshark
  9455 | Lair:3   | Killed a skyshark
  9540 | Lair:3   | 9540 ||| INVOKING Heroism.
  9588 | Lair:3   | Reached XP level 12. HP: 65/76 MP: 19/19
  9706 | Lair:3   | Received a gift from Okawaru
  9762 | Lair:3   | 9762 ||| INVOKING Heroism.
  9765 | Lair:3   | Identified the +0 robe of Classification {Fly Archmagi}
                  | (Okawaru gifted it to you on level 3 of the Lair of Beasts)
  9765 | Lair:3   | Received a gift from Okawaru
  9765 | Lair:3   | Noticed Kirke
  9766 | Lair:3   | 9766 ||| INVOKING Finesse.
  9782 | Lair:3   | Reached skill level 12 in Axes
  9784 | Lair:3   | Killed Kirke
  9785 | Lair:3   | Reached skill level 6 in Shields
  9963 | Lair:3   | 9963 ||| INVOKING Heroism.
 10068 | Lair:3   | Found a staircase to the Swamp.
 10069 | Lair:3   | 10069 ||| Stepping ~*~*~tactically~*~*~ (stealth).
 10070 | Lair:3   | 10070 ||| Stepping ~*~*~tactically~*~*~ (stealth).
 10231 | Lair:3   | Found a hole to the Spider Nest.
 10495 | Lair:3   | 10495 ||| UPGRADING to +0 cloak.
 10528 | Lair:4   | 10528 ||| PLANNING GAUNTLET
 10528 | Lair:4   | 10528 ||| INVOKING Heroism.
 10528 | Lair:4   | Noticed a skyshark
 10539 | Lair:4   | Killed a skyshark
 10540 | Lair:4   | Reached skill level 9 in Armour
 10542 | Lair:4   | 10542 ||| STAIRDANCE
 10544 | Lair:3   | 10544 ||| INVOKING Heroism.
 10718 | Lair:4   | Found a gate leading to a gauntlet.
 10727 | Gauntlet | Entered a Gauntlet
 10727 | Gauntlet | Found a transporter.
 10737 | Gauntlet | Found a transporter.
 10739 | Gauntlet | Found a transporter.
 10740 | Gauntlet | Found a transporter.
 10748 | Gauntlet | Found a transporter.
 10751 | Gauntlet | Found a transporter.
 10752 | Gauntlet | Found a transporter.
 10764 | Gauntlet | Found a transporter.
 10765 | Gauntlet | Found a transporter.
 10765 | Gauntlet | Found a transporter.
 10768 | Gauntlet | Noticed a death yak
 10772 | Gauntlet | Noticed a death yak
 10773 | Gauntlet | Noticed a death yak
 10774 | Gauntlet | Noticed a death yak
 10776 | Gauntlet | Noticed a death yak
 10777 | Gauntlet | Found a transporter.
 10778 | Gauntlet | Found a transporter.
 10779 | Gauntlet | Found a transporter.
 10786 | Gauntlet | Found a transporter.
 10787 | Gauntlet | Found the +7 sceptre of Torment {pain, torment}
 10867 | Gauntlet | 10867 ||| INVOKING Heroism.
 10872 | Gauntlet | 10872 ||| INVOKING Finesse.
 11000 | Gauntlet | Noticed a minotaur
 11001 | Gauntlet | 11001 ||| Stepping ~*~*~tactically~*~*~ (hiding).
 11002 | Gauntlet | 11002 ||| INVOKING Heroism.
 11007 | Gauntlet | Killed a minotaur
 11106 | Gauntlet | 11106 ||| UPGRADING to scarf of repulsion.
 11116 | Gauntlet | 11116 ||| READING scroll labelled IHYUCUBEOTH.
 11129 | Lair:4   | 11129 ||| PLANNING LAIR
 11331 | Lair:4   | 11331 ||| INVOKING Heroism.
 11564 | Lair:4   | 11564 ||| INVOKING Heroism.
 11609 | Lair:4   | 11609 ||| INVOKING Heroism.
 11613 | Lair:4   | Reached XP level 13. HP: 82/82 MP: 17/20
 11851 | Lair:4   | 11851 ||| INVOKING Heroism.
 11867 | Lair:4   | Reached skill level 13 in Axes
 11897 | Lair:4   | 11897 ||| INVOKING Heroism.
 11976 | Lair:4   | 11976 ||| DRINKING 2 fizzy green potions.
 12013 | Lair:5   | Entered Level 5 of the Lair of Beasts
 12014 | Lair:5   | 12014 ||| INVOKING Heroism.
 12015 | Lair:5   | 12015 ||| SWAPPING to +0 flail.
 12023 | Lair:5   | 12023 ||| SWAPPING to +4 broad axe of electrocution.
 12253 | Lair:5   | 12253 ||| INVOKING Heroism.
 12254 | Lair:5   | 12254 ||| INVOKING Finesse.
 12256 | Lair:5   | 12256 ||| Stepping ~*~*~tactically~*~*~ (stealth).
 12293 | Lair:5   | 12293 ||| Stepping ~*~*~tactically~*~*~ (stealth).
 12497 | Lair:5   | Reached skill level 14 in Axes
 12604 | Lair:5   | Found a staircase to the Slime Pits.
 12605 | Lair:5   | Found a viscous altar of Jiyva.
 12720 | Lair:5   | 12720 ||| Stepping ~*~*~tactically~*~*~ (stealth).
 12722 | Lair:5   | 12722 ||| Stepping ~*~*~tactically~*~*~ (stealth).
 12724 | Lair:5   | 12724 ||| INVOKING Heroism.
 12756 | Lair:5   | 12756 ||| INVOKING Finesse.
 12760 | Lair:5   | Received a gift from Okawaru
 12788 | Lair:5   | 12788 ||| INVOKING Heroism.
 12853 | Lair:5   | 12853 ||| DROPPING +1 heavy broad axe.
 12860 | Lair:5   | 12860 ||| INVOKING Heroism.
 12861 | Lair:5   | 12861 ||| INVOKING Finesse.
 12909 | Lair:5   | Noticed a dire elephant
 12910 | Lair:5   | 12910 ||| INVOKING Heroism.
 12921 | Lair:5   | Killed a dire elephant
 12927 | Lair:5   | 12927 ||| Stepping ~*~*~tactically~*~*~ (stealth).
 12932 | Lair:5   | 12932 ||| Stepping ~*~*~tactically~*~*~ (stealth).
 12989 | Lair:5   | 12989 ||| Stepping ~*~*~tactically~*~*~ (stealth).
 12990 | Lair:5   | 12990 ||| Stepping ~*~*~tactically~*~*~ (stealth).
 13371 | Lair:5   | 13371 ||| PLANNING D:1-11
 13371 | Lair:5   | 13371 ||| READING scroll labelled VIWISS MYPEGO.
 13424 | Lair:5   | 13424 ||| READING 7 scrolls of identify.
 13424 | Lair:5   | 13424 ||| IDENTIFYING bubbling inky potion
 13591 | D:9      | Noticed Maurice
 13595 | D:9      | 13595 ||| DRINKING 5 potions of curing.
 13595 | D:9      | 13595 ||| (to cure confusion)
 13605 | D:9      | Killed Maurice
 13605 | D:9      | Received a gift from Okawaru
 13780 | D:9      | 13780 ||| Stepping ~*~*~tactically~*~*~ (hiding).
 13805 | D:9      | 13805 ||| Stepping ~*~*~tactically~*~*~ (stealth).
 13833 | D:9      | 13833 ||| SWAPPING to +0 vampiric war axe.
 13918 | D:9      | 13918 ||| Stepping ~*~*~tactically~*~*~ (stealth).
 13921 | D:9      | 13921 ||| Stepping ~*~*~tactically~*~*~ (stealth).
 13923 | D:9      | 13923 ||| Stepping ~*~*~tactically~*~*~ (hiding).
 13979 | D:9      | Found a runed translucent gate.
 13979 | D:9      | Found a runed translucent gate.
 13979 | D:9      | Found a runed translucent gate.
 14003 | D:9      | Found a staircase to the Orcish Mines.
 14205 | D:9      | 14205 ||| DROPPING ring of flight.
 14229 | D:10     | Entered Level 10 of the Dungeon
 14279 | D:10     | Gained mutation: Your large and strong wings let you fly.
                  | [Gargoyle growth]
 14279 | D:10     | Reached XP level 14. HP: 90/90 MP: 21/21
 14369 | D:10     | 14369 ||| Stepping ~*~*~tactically~*~*~ (hiding).
 14372 | D:10     | 14372 ||| Stepping ~*~*~tactically~*~*~ (hiding).
 14373 | D:10     | 14373 ||| Stepping ~*~*~tactically~*~*~ (hiding).
 14377 | D:10     | 14377 ||| DRINKING 5 potions of curing.
 14377 | D:10     | 14377 ||| (to cure confusion)
 14503 | D:10     | 14503 ||| DROPPING +0 flail.
 14621 | D:10     | Received a gift from Okawaru
 14771 | D:10     | 14771 ||| Stepping ~*~*~tactically~*~*~ (hiding).
 14772 | D:10     | 14772 ||| Stepping ~*~*~tactically~*~*~ (hiding).
 15031 | D:11     | Reached skill level 6 in Throwing
 15352 | D:11     | Noticed Erica
 15353 | D:11     | 15353 ||| Stepping ~*~*~tactically~*~*~ (hiding).
 15358 | D:11     | 15358 ||| INVOKING Heroism.
 15361 | D:11     | 15361 ||| INVOKING Finesse.
 15363 | D:11     | Received a gift from Okawaru
 15370 | D:11     | Killed Erica
 15371 | D:11     | Reached skill level 15 in Axes
 15519 | D:11     | 15519 ||| READING scroll of enchant armour.
 15519 | D:11     | 15519 ||| ENCHANTING +0 pair of gloves.
 15769 | D:11     | 15769 ||| PLANNING D
 15774 | D:12     | 15774 ||| INVOKING Heroism.
 15788 | D:12     | 15788 ||| Stepping ~*~*~tactically~*~*~ (stealth).
 15799 | D:12     | 15799 ||| INVOKING Finesse.
 15900 | D:12     | Noticed Gastronok
 15901 | D:12     | 15901 ||| Stepping ~*~*~tactically~*~*~ (hiding).
 15904 | D:12     | 15904 ||| Stepping ~*~*~tactically~*~*~ (hiding).
 15906 | D:12     | 15906 ||| Stepping ~*~*~tactically~*~*~ (hiding).
 15907 | D:12     | 15907 ||| Stepping ~*~*~tactically~*~*~ (hiding).
 15924 | D:12     | 15924 ||| INVOKING Heroism.
 15925 | D:12     | Killed Gastronok
 16105 | D:12     | Received a gift from Okawaru
 16167 | D:12     | 16167 ||| INVOKING Heroism.
 16168 | D:12     | 16168 ||| INVOKING Finesse.
 16170 | D:12     | Reached skill level 12 in Fighting
 16173 | D:12     | 16173 ||| SWAPPING to +0 morningstar.
 16176 | D:12     | 16176 ||| SWAPPING to +0 vampiric war axe.
 16279 | D:12     | 16279 ||| READING scroll of enchant armour.
 16279 | D:12     | 16279 ||| ENCHANTING +1 pair of gloves.
 16361 | D:12     | Identified the +1 pair of gloves "Sero" {rN+}
 16503 | D:12     | 16503 ||| Stepping ~*~*~tactically~*~*~ (hiding).
 16690 | D:12     | Reached skill level 3 in Dodging
 16796 | D:12     | 16796 ||| UPGRADING to +1 hat.
 16801 | D:12     | 16801 ||| UPGRADING to +0 helmet.
 16811 | D:12     | 16811 ||| DROPPING +1 hat.
 16812 | D:12     | 16812 ||| DROPPING +1 pair of gloves "Sero" {rN+}.
 17050 | D:13     | Received a gift from Okawaru
 17135 | D:13     | 17135 ||| Stepping ~*~*~tactically~*~*~ (stealth).
 17233 | D:13     | 17233 ||| Stepping ~*~*~tactically~*~*~ (hiding).
 17237 | D:13     | 17237 ||| Stepping ~*~*~tactically~*~*~ (hiding).
 17288 | D:13     | 17288 ||| INVOKING Heroism.
 17292 | D:13     | 17292 ||| Stepping ~*~*~tactically~*~*~ (stealth).
 17294 | D:13     | 17294 ||| Stepping ~*~*~tactically~*~*~ (hiding).
 17322 | D:13     | 17322 ||| INVOKING Heroism.
 17440 | D:13     | 17440 ||| FLEEEEING.
 17500 | D:13     | 17500 ||| INVOKING Heroism.
 17579 | D:13     | Received a gift from Okawaru
 17598 | D:13     | 17598 ||| Stepping ~*~*~tactically~*~*~ (stealth).
 17600 | D:13     | 17600 ||| Stepping ~*~*~tactically~*~*~ (hiding).
 17792 | D:13     | Found a basalt altar of Yredelemnul.
 17863 | D:13     | 17863 ||| DROPPING amulet of regeneration.
 17885 | D:14     | 17885 ||| INVOKING Heroism.
 17886 | D:14     | 17886 ||| INVOKING Finesse.
 17886 | D:14     | Noticed Lodul
 17888 | D:14     | 17888 ||| SWAPPING to +0 morningstar.
 17895 | D:14     | 17895 ||| SWAPPING to +0 vampiric war axe.
 17907 | D:14     | Killed Lodul
 17953 | D:14     | 17953 ||| DROPPING +0 morningstar.
 17978 | D:14     | 17978 ||| INVOKING Heroism.
 17979 | D:14     | 17979 ||| INVOKING Finesse.
 17980 | D:14     | 17980 ||| SWAPPING to +2 morningstar of protection.
 17990 | D:14     | 17990 ||| SWAPPING to +0 vampiric war axe.
 18108 | D:14     | Found a gate to the Vaults.
 18109 | D:14     | 18109 ||| Stepping ~*~*~tactically~*~*~ (hiding).
 18120 | D:14     | Reached skill level 16 in Axes
 18174 | D:14     | 18174 ||| Stepping ~*~*~tactically~*~*~ (stealth).
 18175 | D:14     | 18175 ||| Stepping ~*~*~tactically~*~*~ (stealth).
 18176 | D:14     | 18176 ||| INVOKING Heroism.
 18177 | D:14     | 18177 ||| INVOKING Finesse.
 18194 | D:14     | Reached XP level 15. HP: 96/96 MP: 15/22
 18277 | D:14     | 18277 ||| INVOKING Heroism.
 18360 | D:14     | 18360 ||| INVOKING Heroism.
 18596 | D:15     | Entered Level 15 of the Dungeon
 18601 | D:15     | 18601 ||| Stepping ~*~*~tactically~*~*~ (hiding).
 18654 | D:15     | Noticed Roxanne
 18655 | D:15     | 18655 ||| INVOKING Heroism.
 18656 | D:15     | 18656 ||| INVOKING Finesse.
 18686 | D:15     | Killed Roxanne
 18686 | D:15     | Received a gift from Okawaru
 18764 | D:15     | 18764 ||| INVOKING Heroism.
 18806 | D:15     | 18806 ||| Stepping ~*~*~tactically~*~*~ (hiding).
 18811 | D:15     | 18811 ||| INVOKING Heroism.
 18812 | D:15     | 18812 ||| INVOKING Finesse.
 18814 | D:15     | 18814 ||| SWAPPING to +2 morningstar of protection.
 18820 | D:15     | 18820 ||| SWAPPING to +0 vampiric war axe.
 18875 | D:15     | Found a portal to a secret trove of treasure.
 18876 | D:15     | Noticed Rupert
 18877 | D:15     | 18877 ||| INVOKING Heroism.
 18881 | D:15     | 18881 ||| DRINKING 7 potions of curing.
 18881 | D:15     | 18881 ||| (to cure confusion)
 18885 | D:15     | Killed Rupert
 18886 | D:15     | Reached skill level 12 in Armour
 18949 | D:15     | Found a snail-covered altar of Cheibriados.
 19006 | D:15     | 19006 ||| READING scroll of enchant armour.
 19006 | D:15     | 19006 ||| ENCHANTING +0 helmet.
 19030 | D:15     | Received a gift from Okawaru
 19074 | D:15     | 19074 ||| INVOKING Heroism.
 19139 | D:15     | Found a staircase to the Depths.
 19322 | D:15     | Noticed Josephine
 19336 | D:15     | Reached skill level 9 in Shields
 19336 | D:15     | Killed Josephine
 19455 | D:15     | 19455 ||| PLANNING ORC
 19617 | Orc:1    | Entered Level 1 of the Orcish Mines
 19638 | Orc:1    | 19638 ||| INVOKING Heroism.
 19698 | Orc:1    | 19698 ||| INVOKING Heroism.
 19699 | Orc:1    | 19699 ||| INVOKING Finesse.
 19886 | Orc:2    | Entered Level 2 of the Orcish Mines
 19894 | Orc:2    | 19894 ||| STAIRDANCE
 19896 | Orc:1    | 19896 ||| DRINKING 6 potions of curing.
 19896 | Orc:1    | 19896 ||| (to cure confusion)
 19964 | Orc:1    | 19964 ||| Stepping randomly (stuck).
 20042 | Orc:2    | 20042 ||| Stepping ~*~*~tactically~*~*~ (stealth).
 20044 | Orc:2    | 20044 ||| Stepping ~*~*~tactically~*~*~ (hiding).
 20049 | Orc:2    | 20049 ||| INVOKING Heroism.
 20056 | Orc:2    | 20056 ||| Stepping ~*~*~tactically~*~*~ (stealth).
 20068 | Orc:2    | Noticed an orc warlord
 20069 | Orc:2    | 20069 ||| Stepping ~*~*~tactically~*~*~ (hiding).
 20074 | Orc:2    | 20074 ||| Stepping ~*~*~tactically~*~*~ (hiding).
 20081 | Orc:2    | 20081 ||| INVOKING Finesse.
 20095 | Orc:2    | Killed an orc warlord
 20191 | Orc:2    | 20191 ||| Stepping ~*~*~tactically~*~*~ (stealth).
 20192 | Orc:2    | 20192 ||| Stepping ~*~*~tactically~*~*~ (stealth).
 20208 | Orc:2    | 20208 ||| DRINKING 5 potions of curing.
 20208 | Orc:2    | 20208 ||| (to cure confusion)
 20290 | Orc:2    | Found a staircase to the Elven Halls.
 20294 | Orc:2    | Found Acsos's Antique Weapon Boutique.
 20318 | Orc:1    | Noticed Jorgrun
 20319 | Orc:1    | 20319 ||| INVOKING Heroism.
 20354 | Orc:1    | Killed Jorgrun
 20354 | Orc:1    | Received a gift from Okawaru
 20537 | Orc:2    | 20537 ||| DRINKING 4 potions of curing.
 20537 | Orc:2    | 20537 ||| (to cure confusion)
 20680 | Orc:2    | 20680 ||| Stepping ~*~*~tactically~*~*~ (stealth).
 20681 | Orc:2    | 20681 ||| INVOKING Heroism.
 20693 | Orc:2    | Received a gift from Okawaru
 20698 | Orc:2    | Found Zunyponk's General Store.
 20705 | Orc:2    | Found Kowkoh's Magic Scroll Boutique.
 20720 | Orc:2    | 20720 ||| Stepping ~*~*~tactically~*~*~ (hiding).
 20729 | Orc:2    | 20729 ||| Stepping ~*~*~tactically~*~*~ (hiding).
 20731 | Orc:2    | 20731 ||| Stepping ~*~*~tactically~*~*~ (hiding).
 20751 | Orc:2    | 20751 ||| Stepping ~*~*~tactically~*~*~ (stealth).
 20755 | Orc:2    | 20755 ||| DROPPING +1 broad axe of draining.
 20763 | Orc:2    | 20763 ||| Stepping ~*~*~tactically~*~*~ (hiding).
 20764 | Orc:2    | 20764 ||| Stepping ~*~*~tactically~*~*~ (hiding).
 20886 | Orc:2    | 20886 ||| Stepping ~*~*~tactically~*~*~ (hiding).
 20888 | Orc:2    | 20888 ||| Stepping ~*~*~tactically~*~*~ (hiding).
 20925 | Orc:2    | 20925 ||| Stepping ~*~*~tactically~*~*~ (stealth).
 20942 | Orc:2    | 20942 ||| BUYING scroll of teleportation (54 gold).
 20942 | Orc:2    | Bought a scroll of teleportation for 54 gold pieces
 20942 | Orc:2    | 20942 ||| BUYING scroll of teleportation (54 gold).
 20942 | Orc:2    | Bought a scroll of teleportation for 54 gold pieces
 20942 | Orc:2    | 20942 ||| BUYING scroll of teleportation (54 gold).
 20942 | Orc:2    | Bought a scroll of teleportation for 54 gold pieces
 20944 | Orc:2    | 20944 ||| Stepping ~*~*~tactically~*~*~ (hiding).
 20978 | Orc:2    | 20978 ||| Stepping ~*~*~tactically~*~*~ (hiding).
 20983 | Orc:2    | 20983 ||| INVOKING Heroism.
 20984 | Orc:2    | Paralysed by an orc sorcerer for 4 turns
 21000 | Orc:2    | 21000 ||| Stepping ~*~*~tactically~*~*~ (hiding).
 21032 | Orc:2    | 21032 ||| INVOKING Heroism.
 21060 | Orc:2    | 21060 ||| DRINKING 3 potions of cancellation.
 21067 | Orc:2    | Reached XP level 16. HP: 73/106 MP: 23/23
 21081 | Orc:2    | 21081 ||| INVOKING Heroism.
 21140 | Orc:2    | 21140 ||| Stepping ~*~*~tactically~*~*~ (stealth).
 21166 | Orc:2    | 21166 ||| INVOKING Heroism.
 21189 | Orc:2    | Paralysed by an orc sorcerer for 5 turns
 21193 | Orc:2    | HP: 26/107 [ynoxinul[an orc high priest] (1)]
 21195 | Orc:2    | 21195 ||| READING 5 scrolls of teleportation.
 21195 | Orc:2    | HP: 1/107 [orc sorcerer/bolt of fire (14)]
 21196 | Orc:2    | 21196 ||| DRINKING 5 potions of heal wounds.
 21197 | Orc:2    | 21197 ||| DRINKING 4 potions of heal wounds.
 21198 | Orc:2    | 21198 ||| DRINKING 3 potions of heal wounds.
 21216 | Orc:2    | 21216 ||| FLEEEEING.
 21217 | Orc:2    | 21217 ||| FLEEEEING.
 21218 | Orc:2    | 21218 ||| FLEEEEING.
 21237 | Orc:2    | 21237 ||| FLEEEEING.
 21238 | Orc:2    | 21238 ||| FLEEEEING.
 21239 | Orc:2    | 21239 ||| FLEEEEING.
 21541 | Orc:2    | 21541 ||| Stepping ~*~*~tactically~*~*~ (stealth).
 21548 | Orc:2    | 21548 ||| INVOKING Heroism.
 21565 | Orc:2    | Found Zoxtud's Antique Weapon Shoppe.
 21565 | Orc:2    | Found Keolos's Book Emporium.
 21566 | Orc:2    | Found a one-way gate leading to the halls of Pandemonium.
 21669 | Orc:2    | 21669 ||| PLANNING SWAMP:1-3
 21849 | Swamp:1  | Entered Level 1 of the Swamp
 21858 | Swamp:1  | 21858 ||| INVOKING Heroism.
 21871 | Swamp:1  | Received a gift from Okawaru
 21872 | Swamp:1  | Reached skill level 15 in Fighting
 21934 | Swamp:1  | 21934 ||| Stepping ~*~*~tactically~*~*~ (stealth).
 21937 | Swamp:1  | 21937 ||| Stepping ~*~*~tactically~*~*~ (hiding).
 21992 | Swamp:1  | 21992 ||| Stepping ~*~*~tactically~*~*~ (stealth).
 21998 | Swamp:1  | 21998 ||| INVOKING Heroism.
 22020 | Swamp:1  | 22020 ||| Stepping ~*~*~tactically~*~*~ (hiding).
 22021 | Swamp:1  | 22021 ||| INVOKING Heroism.
 22049 | Swamp:1  | 22049 ||| Stepping ~*~*~tactically~*~*~ (stealth).
 22050 | Swamp:1  | 22050 ||| Stepping ~*~*~tactically~*~*~ (stealth).
 22055 | Swamp:1  | 22055 ||| Stepping ~*~*~tactically~*~*~ (stealth).
 22064 | Swamp:1  | Received a gift from Okawaru
 22070 | Swamp:1  | 22070 ||| INVOKING Heroism.
 22150 | Swamp:1  | 22150 ||| Stepping ~*~*~tactically~*~*~ (stealth).
 22408 | Swamp:1  | 22408 ||| Stepping ~*~*~tactically~*~*~ (hiding).
 22413 | Swamp:1  | 22413 ||| Stepping ~*~*~tactically~*~*~ (hiding).
 22418 | Swamp:1  | 22418 ||| Stepping ~*~*~tactically~*~*~ (cloud).
 22635 | Swamp:2  | 22635 ||| INVOKING Heroism.
 22638 | Swamp:2  | 22638 ||| SWAPPING to +2 morningstar of protection.
 22651 | Swamp:2  | Received a gift from Okawaru
 22656 | Swamp:2  | 22656 ||| SWAPPING to +0 vampiric war axe.
 22673 | Swamp:2  | 22673 ||| Stepping ~*~*~tactically~*~*~ (stealth).
 22760 | Swamp:2  | Found a frozen archway.
 22781 | Swamp:2  | 22781 ||| Stepping ~*~*~tactically~*~*~ (hiding).
 22783 | Swamp:2  | 22783 ||| INVOKING Heroism.
 22828 | Swamp:2  | 22828 ||| INVOKING Heroism.
 22902 | Swamp:2  | 22902 ||| INVOKING Heroism.
 23049 | Swamp:2  | 23049 ||| Stepping ~*~*~tactically~*~*~ (stealth).
 23051 | Swamp:2  | 23051 ||| Stepping ~*~*~tactically~*~*~ (hiding).
 23185 | Swamp:2  | Identified the +6 long sword of Trog's Castigation {heavy,
                  | rPois rF+++ rC+ Stlth-}
 23202 | Swamp:2  | 23202 ||| FLEEEEING.
 23203 | Swamp:2  | 23203 ||| FLEEEEING.
 23364 | Swamp:2  | 23364 ||| INVOKING Heroism.
 23722 | Swamp:2  | Noticed Mlioglotl
 23723 | Swamp:2  | 23723 ||| INVOKING Heroism.
 23734 | Swamp:2  | Killed Mlioglotl
 23734 | Swamp:2  | Received a gift from Okawaru
 23851 | Swamp:2  | 23851 ||| DROPPING orb of guile.
 23852 | Swamp:2  | 23852 ||| DROPPING ring of willpower.
 23880 | Swamp:3  | 23880 ||| INVOKING Heroism.
 23886 | Swamp:3  | Received a gift from Okawaru
 23906 | Swamp:3  | Noticed Donald
 23911 | Swamp:3  | Killed Donald
 23979 | Swamp:3  | 23979 ||| READING scroll of enchant armour.
 23979 | Swamp:3  | 23979 ||| ENCHANTING +1 helmet.
 24057 | Swamp:3  | 24057 ||| INVOKING Heroism.
 24161 | Swamp:3  | 24161 ||| INVOKING Heroism.
 24175 | Swamp:3  | 24175 ||| SWAPPING to +2 morningstar of protection.
 24182 | Swamp:3  | 24182 ||| SWAPPING to +0 vampiric war axe.
 24482 | Swamp:3  | 24482 ||| PLANNING SPIDER:1-3
 24482 | Swamp:3  | 24482 ||| UPGRADING to +3 chain mail of willpower.
 24492 | Swamp:3  | 24492 ||| UPGRADING to +0 kite shield of reflection.
 24502 | Swamp:3  | 24502 ||| DROPPING +2 buckler.
 24503 | Swamp:3  | 24503 ||| DROPPING +1 helmet of intelligence.
 24504 | Swamp:3  | 24504 ||| DROPPING +4 ring of protection.
 24568 | Spider:1 | Entered Level 1 of the Spider Nest
 24609 | Spider:1 | 24609 ||| FLEEEEING.
 24610 | Spider:1 | 24610 ||| INVOKING Heroism.
 24616 | Spider:1 | Received a gift from Okawaru
 24632 | Spider:1 | Reached XP level 17. HP: 84/115 MP: 24/24
 24638 | Spider:1 | Received a gift from Okawaru
 24643 | Spider:1 | 24643 ||| DRINKING 4 potions of curing.
 24643 | Spider:1 | 24643 ||| (to cure confusion)
 24644 | Spider:1 | HP: 24/115 [demonic crawler (11)]
 24644 | Spider:1 | HP: 7/115 [culicivora (17)]
 24644 | Spider:1 | Slain by an entropy weaver simulacrum

Levels and vault maps discovered:
D:1:      eino_arrival_tree_alley, layout_loops_ring
D:2:      layout_basic, serial_glass, glass_columns_b, glass_columns_c,
          glass_columns_a, glass_columns_a, glass_columns_c, glass_columns_b,
          basic_altar, ebering_ecumenical_altar_rust, uniq_jessica
D:3:      corexii_shack_village, layout_basic, serial_shops, shop_fountains,
          kennysheep_generic_room_14
D:4:      layout_rooms, serial_bayou_ford_a, patterned_corridor
D:5:      layout_cave_pools, amcnicky_mini_rare_corridor_liquid
D:6:      nicolae_cairo_tiling_large, layout_rooms,
          mainiacjoe_overflow_surrounded_room, mainiacjoe_overflow_divided_tiny,
          minmay_temple_entry_offerings
D:7:      layout_gridville, serial_co_window_serial, co_window_of_opportunity_a,
          co_window_paths_a, co_window_paths_b, co_window_paths_a,
          co_window_paths_a, co_window_paths_c, co_window_broadway_c,
          co_window_paths_c, co_window_of_opportunity_c, co_window_2corner,
          co_window_2corner, co_window_2corner, co_window_4corner_b,
          glass_columns_b
D:8:      layout_basic, erik_lair_dragon, amcnicky_mini_corridor_feature,
          uniq_joseph
D:9:      layout_small_grid, minmay_orc_entry_guard_dogs,
          ploomutoo_gammafunk_ghost_potion_laboratory, uniq_maurice
D:10:     layout_roguey, lightli_fourway_metalbox
D:11:     layout_stronghold, uniq_erica
D:12:     layout_cave_pods, kennysheep_nub, uniq_gastronok
D:13:     layout_irregular_city, yredelemnul_forgotten_temple_becter
D:14:     layout_gridville, david_vaults_1, minivault_14, uniq_lodul
D:15:     gammafunk_depths_entry_grave, layout_long_grid,
          minmay_strange_pillars, nicolae_trove_entry_free_sample,
          chei_slow_surprise, uniq_roxanne, uniq_josephine, uniq_rupert
Temple:   nicolae_temple_bog_church
Lair:1:   layout_regular_city, grunt_megastairs_1
Lair:2:   layout_regular_city, infiniplex_staircase_pool_2
Lair:3:   layout_hall_layers, swamp_mist, spider_nest_entry_rubble,
          small_statue_intersection, chequers_serial_rivers_micro_a, uniq_kirke
Lair:4:   layout_cave_pods, gauntlet_entry_generic
Lair:5:   grunt_lair_end_beastmaster, layout_gridlike, slime_entry_1
Swamp:1:  layout_basic_swamp, evilmike_swamp_ruin_house_2, swamp_pool4
Swamp:2:  layout_falls_marsh, portal_ice_cave_entry_ice_simulacra,
          serial_swamp_ruin, evilmike_swamp_ruin_rubble_2,
          evilmike_swamp_ruin_house_1, uniq_mlioglotl
Swamp:3:  layout_basic_swamp, evilmike_swamp_ruin_house_5,
          infiniplex_staircase_pool, uniq_donald
Spider:1: nicolae_spider_obnoxious_hallway
Orc:1:    layout_caves, uniq_jorgrun
Orc:2:    pf_orc_diabolical, layout_caves, serial_shops, shop,
          guppyfry_library_mini

Skill      XL: |  1  2  3  4  5  6  7  8  9 10 11 12 13 14 15 16 17 |
---------------+----------------------------------------------------+-----
Axes           | 2 3 5 6 7 8 9 10 11 12 14 16 | 16.0
Fighting       | 4 5 7 8 9 10 11 12 14 15 | 15.8
Dodging        | 1 2 3 4 |  4.1
Throwing       | 1 2 3 5 6 7 8 |  8.6
Invocations    | 3 4 8 10 | 10.0
Armour         | 4 6 7 9 10 11 13 14 | 14.0
Shields        | 4 5 6 7 9 10 11 | 11.1

Action                     |  1- 3 |  4- 6 |  7- 9 | 10-12 | 13-15 | 16-18 || total
---------------------------+-------+-------+-------+-------+-------+-------++-------
  Melee: War axe           |    63 |   135 |   183 |   126 |   829 |   403 ||  1739
         Bite              |     5 |    11 |    25 |    42 |   128 |    59 ||   270
         Broad axe         |       |       |       |   125 |   116 |       ||   241
         Flail             |       |       |       |     2 |     7 |       ||     9
         Morningstar       |       |       |       |       |    22 |    23 ||    45
  Throw: Javelin           |       |       |    32 |    70 |   173 |    34 ||   309
         Boomerang         |       |       |       |     1 |    67 |    36 ||   104
 Invoke: Heroism           |       |       |     2 |    21 |    32 |    17 ||    72
         Finesse           |       |       |       |     3 |    13 |       ||    16
    Use: Scroll            |     4 |    11 |     5 |     4 |     5 |     2 ||    31
         Potion            |     2 |     2 |     1 |     2 |     8 |     4 ||    19
   Stab: Petrified         |       |       |       |       |    10 |       ||    10
         Distracted        |       |       |       |       |       |     1 ||     1
 Armour: Scale mail        |    27 |     4 |       |       |       |       ||    31
         Chain mail        |       |    76 |    66 |       |       |   120 ||   262
         Plate armour      |       |       |    20 |   127 |   445 |   304 ||   896
  Dodge: Dodged            |    25 |    48 |    61 |    57 |   287 |   224 ||   702
         Repelled          |       |       |       |       |     6 |     6 ||    12
  Block: Buckler           |     7 |    24 |    58 |    85 |   310 |   171 ||   655
         Kite shield       |       |       |       |       |       |    53 ||    53

Table legend:
 A = Non-vault XP
 B = Vault XP
 C = Vault XP percentage of total XP
 D = Non-vault monster count
 E = Vault monster count
 F = Vault count percentage of total count
                 A         B        C        D         E       F
            +---------+---------+-------+---------+---------+-------
      Total |  128654 |   55006 |  29.9 |     527 |     166 |  24.0
            +---------+---------+-------+---------+---------+-------
        D:1 |      16 |       0 |   0.0 |      11 |       0 |   0.0
        D:2 |      51 |      37 |  42.0 |      21 |       1 |   4.5
        D:3 |      16 |      15 |  48.4 |       9 |       7 |  43.8
        D:4 |     187 |       0 |   0.0 |      18 |       0 |   0.0
        D:5 |     509 |       0 |   0.0 |      26 |       0 |   0.0
        D:6 |     795 |       0 |   0.0 |      26 |       0 |   0.0
        D:7 |    1645 |       0 |   0.0 |      18 |       0 |   0.0
        D:8 |     866 |    1336 |  60.7 |       8 |       5 |  38.5
        D:9 |    1628 |     957 |  37.0 |      18 |       4 |  18.2
       D:10 |    2249 |     968 |  30.1 |      12 |       4 |  25.0
       D:11 |    2938 |     831 |  22.0 |      14 |       1 |   6.7
       D:12 |    6352 |    1429 |  18.4 |      12 |       1 |   7.7
       D:13 |   10800 |       1 |   0.0 |      28 |       1 |   3.4
       D:14 |   17340 |    2539 |  12.8 |      40 |      10 |  20.0
       D:15 |    4469 |    9028 |  66.9 |      15 |      15 |  50.0
     Lair:1 |    4939 |     679 |  12.1 |      15 |       6 |  28.6
     Lair:2 |    6254 |       0 |   0.0 |      21 |       0 |   0.0
     Lair:3 |    5521 |    2768 |  33.4 |      22 |       8 |  26.7
     Lair:4 |    7608 |       0 |   0.0 |      27 |       0 |   0.0
     Lair:5 |    7076 |    8377 |  54.2 |      20 |      17 |  45.9
    Swamp:1 |    9319 |       0 |   0.0 |      22 |       0 |   0.0
    Swamp:2 |   14206 |    3741 |  20.8 |      31 |       9 |  22.5
    Swamp:3 |    8494 |    1371 |  13.9 |      12 |       1 |   7.7
   Spider:1 |    7601 |       0 |   0.0 |      26 |       0 |   0.0
      Orc:1 |    4043 |    1777 |  30.5 |      25 |       1 |   3.8
      Orc:2 |    3732 |   17387 |  82.3 |      30 |      72 |  70.6
   Gauntlet |       0 |    1765 | 100.0 |       0 |       3 | 100.0
            +---------+---------+-------+---------+---------+-------
